 Dungeon Crawl Stone Soup version 0.27-a0-1147-gb3d8e82157 (webtiles) character file.

Game seed: 17239223618035081821

13631 senseless the Cleaver (level 12, -2/105 HPs)
             Began as a Gnoll Berserker on May 11, 2021.
             Was an Elder of Trog.
             Slain by a cane toad (8 damage)
             ... on level 1 of the Lair of Beasts.
             The game lasted 00:35:50 (14889 turns).

senseless the Cleaver (Gnoll Berserker)            Turns: 14889, Time: 00:35:50

Health: -2/105     AC: 12    Str: 20    XL:     12   Next: 8%
Magic:  0/22       EV: 10    Int:  8    God:    Trog [****..]
Gold:   704        SH:  0    Dex: 12    Spells: 24/24 levels left

rFire    . . .     SeeInvis .   z - +5 battleaxe (venom)
rCold    . . .     Faith    .   (shield currently unavailable)
rNeg     . . .     Spirit   +   v - +3 chain mail {rPois}
rPois    +         Reflect  .   (no helmet)
rElec    .         Harm     .   f - +2 cloak
rCorr    .         Rampage  .   b - +2 pair of gloves
Will     .....                  (no boots)
Stlth    ..........             w - amulet of guardian spirit
HPRegen  0.27/turn              H - +4 ring of slaying
MPRegen  0.18/turn              C - +4 ring of protection

@: corroded
A: fangs 1, strong nose, distributed training, robust 1
a: Renounce Religion, Berserk, Trog's Hand, Brothers in Arms


You were on level 1 of the Lair of Beasts.
You worshipped Trog.
Trog was greatly pleased with you.
You visited 2 branches of the dungeon, and saw 13 of its levels.
You also visited: Ossuary.

You collected 704 gold pieces.

Inventory:

Hand Weapons
 i - a +4 spear
 z - a +5 battleaxe of venom (weapon)
Missiles
 a - a curare-tipped dart
 p - 7 silver javelins
 G - 4 throwing nets
Armour
 b - a +2 pair of gloves (worn)
 f - a +2 cloak (worn)
 v - a +3 chain mail of poison resistance (worn)
 I - the +3 leather armour "Leechu Hiumi" {rF+}
   (You found it on level 10 of the Dungeon)

   It protects you from fire.
Jewellery
 k - a ring of willpower
 o - an amulet of faith
 w - an amulet of guardian spirit (around neck)
 y - an amulet of magic regeneration
 A - a ring of see invisible
 C - a +4 ring of protection (right hand)
 F - a ring of ice
 H - a +4 ring of slaying (left hand)
 K - a +6 ring of dexterity
Wands
 l - a wand of mindburst (19)
 s - a wand of flame (53)
 u - a wand of paralysis (7)
 B - a wand of acid (15)
Scrolls
 c - 3 scrolls of teleportation
 j - a scroll of fear
 n - 3 scrolls of identify
 x - a scroll of fog
 D - a scroll of magic mapping
 E - a scroll of blinking
 L - a scroll of holy word
Potions
 d - 4 potions of haste
 e - a potion of lignification
 g - 6 potions of ambrosia
 h - 9 potions of curing
 m - 10 potions of flight
 q - 2 potions of magic
 r - 4 potions of brilliance
 t - 3 potions of might


   Skills:
 + Level 9.6 Fighting
 + Level 6.9 Short Blades
 + Level 6.9 Long Blades
 + Level 9.6 Axes
 + Level 6.9 Maces & Flails
 + Level 6.9 Polearms
 + Level 6.9 Staves
 + Level 6.9 Slings
 + Level 6.9 Bows
 + Level 6.9 Crossbows
 + Level 6.9 Throwing
 + Level 8.4 Armour
 + Level 8.4 Dodging
 + Level 6.9 Stealth
 + Level 6.9 Shields
 + Level 6.9 Unarmed Combat
 + Level 6.9 Spellcasting
 + Level 5.7 Conjurations
 + Level 5.7 Hexes
 + Level 5.7 Summonings
 + Level 5.7 Necromancy
 + Level 5.7 Translocations
 + Level 5.7 Transmutations
 + Level 5.7 Fire Magic
 + Level 5.7 Ice Magic
 + Level 5.7 Air Magic
 + Level 5.7 Earth Magic
 + Level 5.7 Poison Magic
 + Level 7.6 Invocations
 + Level 6.9 Evocations


You had 24 spell levels left.
You didn't know any spells.
Your spell library contained the following spells:

 Spells                   Type           Power      Damage    Failure   Level
 Animate Skeleton         Necr           22%        N/A       16%         1
 Apportation              Tloc           22%        N/A       16%         1
 Corona                   Hex            12%        N/A       16%         1
 Freeze                   Ice            44%        1d6       16%         1
 Magic Dart               Conj           44%        1d5       16%         1
 Summon Small Mammal      Summ           44%        N/A       16%         1
 Poisonous Vapours        Pois/Air       22%        N/A       24%         2
 Searing Ray              Conj           22%        3d3       24%         2
 Conjure Flame            Conj/Fire      11%        6-21      43%         3
 Dazzling Flash           Conj/Hex       22%        N/A       43%         3
 Frozen Ramparts          Ice            22%        1d4       43%         3
 Mephitic Cloud           Conj/Pois/Air  11%        N/A       43%         3
 Ozocubu's Armour         Ice            11%        N/A       43%         3
 Fulminant Prism          Conj/Hex       5%         3d7       85%         4
 Hailstorm                Conj/Ice       11%        3d5       85%         4
 Iskenderun's Mystic Bla  Conj/Tloc      11%        2d4       85%         4
 Metabolic Englaciation   Hex/Ice        5%         N/A       99%         5
 Freezing Cloud           Conj/Ice/Air   5%         6-21      100%        6


Dungeon Overview and Level Annotations

Branches:
Dungeon (12/15)            Temple (0/1) D:7            Lair (1/6) D:8
    Orc (0/2) D:9         Ossuary (visited)

Altars:
Dithmenos
Gozag
Okawaru
Qazlal
Wu Jian
Xom
Yredelemnul
Zin

Shops:
D:3 (

Annotations:
Lair:1 exclusion: oklob plant


Innate Abilities, Weirdness & Mutations

You have very sharp teeth.
Your uncanny sense of smell can sniff out nearby items.
Your experience applies equally to all skills.
You are robust. (+10% HP)


Message History

The acid corrodes you!
You are splashed with acid!
The oklob plant spits acid at you. The splash of acid hits you.
The acid corrodes you!
You are splashed with acid!
The oklob plant spits acid at you. The splash of acid hits you!
The acid corrodes you!
You are splashed with acid!!
You hit the cane toad but do no damage.
You bite the cane toad, but do no damage.
The cane toad stings you! x2
Okay, then.
You feel better.
A water moccasin comes into view.
The cane toad closely misses you. The komodo dragon bites you!
A water moccasin comes into view.
As you read the scroll of teleportation, it crumbles to dust.
You feel strangely unstable.
The water moccasin hisses angrily. x2
The cane toad stings you. The komodo dragon bites you!!
* * * LOW HITPOINT WARNING * * *
You feel better. The cane toad stings you.
* * * LOW HITPOINT WARNING * * *
The komodo dragon barely misses you.
You feel better. The cane toad stings you.
* * * LOW HITPOINT WARNING * * *
The komodo dragon bites you!!
* * * LOW HITPOINT WARNING * * *
You barely miss the cane toad. You hit the water moccasin.
You slash the komodo dragon!
The komodo dragon is poisoned.
Your surroundings suddenly seem different.
A six-headed hydra comes into view.
The six-headed hydra roars!
A cane toad comes into view.
The cane toad croaks.
You hear an angry hiss.
The cane toad stings you!
* * * LOW HITPOINT WARNING * * *
Found 11 gold pieces and 24 stones.
The cane toad stings you but does no damage.
A komodo dragon comes into view.
The cane toad stings you!
You die...

..... ......#
...l....#
.........##
...........##
.............# ##
#............#..#...
........D..F@.......
#.............###...
.. #....(......##
..## #..........##
...## #........##
....# ##.....$##
...#####....##
#.....###..##
##.....##..##


You could see a six-headed hydra, a komodo dragon and a cane toad.

Vanquished Creatures
  A hydra (D:11)
  Harold (D:7)
  A two-headed ogre (D:10)
  3 skeletal warriors
  Pikel (D:5)
  A kobold demonologist (D:11)
  A komodo dragon (D:12)
  An unseen horror (D:11)
  3 trolls
  A meliai zombie (D:11)
  3 yaks (D:10)
  A wraith (D:9)
  A vampire (D:9)
  A wyvern (D:9)
  5 vampire mosquitoes
  3 steam dragons
  A water moccasin (D:7)
  Duvessa (D:7)
  4 orc warriors
  An ice beast (D:5)
  2 black bears
  A hornet zombie (D:7)
  A sky beast (D:8)
  2 necrophages (D:6)
  3 ogres
  8 centaurs
  2 phantoms
  A lemure (D:5)
  2 kobold brigands
  Blork the orc (D:6)
  A bullfrog (D:6)
  A gnoll sergeant (D:8)
  A wyvern zombie (D:5)
  A scorpion (D:5)
  5 water moccasin zombies (Ossuary)
  Dowan (D:7)
  14 wights
  3 killer bees (D:8)
  The ghost of Cralpanu the Slasher, a weakling HuGl (D:3)
  5 centaur zombies
  6 orc priests
  3 jellies
  5 hounds
  Crazy Yiuf (D:3)
  3 bullfrog skeletons
  A gnoll shaman (D:9)
  Jessica (D:3)
  5 iguanas
  10 orc wizards
  2 scorpion zombies (D:5)
  3 killer bee zombies
  2 hound skeletons (D:5)
  2 mummies (Ossuary)
  A howler monkey zombie (D:5)
  6 adders
  16 gnolls
  A white imp (D:7)
  An adder skeleton (D:4)
  2 adder zombies (Ossuary)
  3 dart slugs
  29 orcs
  9 endoplasms
  3 giant cockroaches
  5 gnoll zombies
  7 goblins
  6 hobgoblins
  6 jackals
  14 kobolds
  2 quokkas (D:1)
  5 ball pythons
  4 bats
  A frilled lizard (D:3)
  3 hobgoblin zombies (Ossuary)
  5 kobold zombies (Ossuary)
  4 orc zombies (Ossuary)
  3 rats
271 creatures vanquished.

Vanquished Creatures (others)
  An orc (D:7)
1 creature vanquished.

Grand Total: 272 creatures vanquished

Notes
Turn   | Place    | Note
-------+----------+-------------------------------------------
     0 | D:1      | senseless the Gnoll Berserker began the quest for the Orb.
     0 | D:1      | Reached XP level 1. HP: 23/23 MP: 1/1
   301 | D:1      | Reached XP level 2. HP: 29/29 MP: 2/2
   398 | D:1      | Found a faded altar of an unknown god.
   886 | D:1      | Reached XP level 3. HP: 35/35 MP: 3/3
  1138 | D:2      | Reached skill level 1 in Invocations
  1177 | D:2      | Reached ** piety under Trog
  1406 | D:2      | Reached skill level 1 in Short Blades
  1406 | D:2      | Reached skill level 1 in Long Blades
  1406 | D:2      | Reached skill level 1 in Maces & Flails
  1406 | D:2      | Reached skill level 1 in Polearms
  1406 | D:2      | Reached skill level 1 in Staves
  1406 | D:2      | Reached skill level 1 in Slings
  1406 | D:2      | Reached skill level 1 in Bows
  1406 | D:2      | Reached skill level 1 in Crossbows
  1406 | D:2      | Reached skill level 1 in Throwing
  1406 | D:2      | Reached skill level 1 in Stealth
  1406 | D:2      | Reached skill level 1 in Shields
  1406 | D:2      | Reached skill level 1 in Unarmed Combat
  1406 | D:2      | Reached skill level 1 in Spellcasting
  1406 | D:2      | Reached skill level 1 in Evocations
  1408 | D:2      | Reached XP level 4. HP: 41/41 MP: 5/5
  1792 | D:2      | Reached skill level 1 in Conjurations
  1792 | D:2      | Reached skill level 1 in Hexes
  1792 | D:2      | Reached skill level 1 in Summonings
  1792 | D:2      | Reached skill level 1 in Necromancy
  1792 | D:2      | Reached skill level 1 in Translocations
  1792 | D:2      | Reached skill level 1 in Transmutations
  1792 | D:2      | Reached skill level 1 in Fire Magic
  1792 | D:2      | Reached skill level 1 in Ice Magic
  1792 | D:2      | Reached skill level 1 in Air Magic
  1792 | D:2      | Reached skill level 1 in Earth Magic
  1792 | D:2      | Reached skill level 1 in Poison Magic
  2358 | D:3      | Found Sakatob's Weapon Emporium.
  2381 | D:3      | Found a runed translucent gate.
  2382 | D:3      | Found a runed translucent gate.
  2383 | D:3      | Found a runed translucent gate.
  2386 | D:3      | Noticed Cralpanu's ghost (weakling HuGl)
  2389 | D:3      | Reached XP level 5. HP: 41/47 MP: 5/7
  2913 | D:3      | Noticed Jessica
  2921 | D:3      | Killed Jessica
  2998 | D:3      | Found a runed translucent door.
  2999 | D:3      | Noticed Crazy Yiuf
  3190 | D:3      | Killed Cralpanu's ghost
  3191 | D:3      | Reached XP level 6. HP: 53/53 MP: 8/8
  3444 | D:3      | Killed Crazy Yiuf
  3445 | D:3      | Reached skill level 5 in Armour
  3445 | D:3      | Reached skill level 5 in Dodging
  3627 | D:4      | Reached XP level 7. HP: 59/59 MP: 10/10
  3728 | D:4      | Found a sand-covered staircase.
  3746 | Ossuary  | Entered an ossuary
  3774 | Ossuary  | Reached *** piety under Trog
  4355 | D:4      | Reached XP level 8. HP: 61/67 MP: 12/12
  4520 | D:4      | Found an ornate altar of the Wu Jian Council.
  4672 | D:4      | Found a stormy altar of Qazlal.
  4778 | D:4      | Found a shadowy altar of Dithmenos.
  4864 | D:5      | Entered Level 5 of the Dungeon
  5331 | D:5      | Reached **** piety under Trog
  6162 | D:5      | Noticed Pikel
  6176 | D:5      | Killed Pikel
  6177 | D:5      | Reached XP level 9. HP: 73/73 MP: 13/15
  7618 | D:6      | Noticed Blork the orc
  7630 | D:6      | Killed Blork the orc
  7631 | D:6      | Reached skill level 5 in Invocations
  7964 | D:7      | Noticed Duvessa
  7964 | D:7      | Noticed Dowan
  8095 | D:6      | Reached XP level 10. HP: 80/80 MP: 13/17
  8099 | D:7      | Killed Duvessa
  8148 | D:7      | Killed Dowan
  8176 | D:7      | Reached skill level 5 in Short Blades
  8176 | D:7      | Reached skill level 5 in Long Blades
  8176 | D:7      | Reached skill level 5 in Maces & Flails
  8176 | D:7      | Reached skill level 5 in Polearms
  8176 | D:7      | Reached skill level 5 in Staves
  8176 | D:7      | Reached skill level 5 in Slings
  8176 | D:7      | Reached skill level 5 in Bows
  8176 | D:7      | Reached skill level 5 in Crossbows
  8176 | D:7      | Reached skill level 5 in Throwing
  8176 | D:7      | Reached skill level 5 in Stealth
  8176 | D:7      | Reached skill level 5 in Shields
  8176 | D:7      | Reached skill level 5 in Unarmed Combat
  8176 | D:7      | Reached skill level 5 in Spellcasting
  8176 | D:7      | Reached skill level 5 in Evocations
  8636 | D:7      | Found a shimmering altar of Xom.
  8822 | D:7      | Found a staircase to the Ecumenical Temple.
  8892 | D:7      | Noticed Harold
  8911 | D:7      | Killed Harold
  9355 | D:8      | Found a staircase to the Lair.
  9456 | D:8      | Found an iron altar of Okawaru.
  9621 | D:8      | Found a basalt altar of Yredelemnul.
 10016 | D:9      | Found a staircase to the Orcish Mines.
 10076 | D:9      | Reached XP level 11. HP: 87/87 MP: 16/19
 10436 | D:9      | Noticed a skeletal warrior
 10436 | D:9      | Noticed a skeletal warrior
 10455 | D:8      | Killed a skeletal warrior
 10913 | D:9      | Killed a skeletal warrior
 10914 | D:9      | Reached skill level 5 in Conjurations
 10914 | D:9      | Reached skill level 5 in Hexes
 10914 | D:9      | Reached skill level 5 in Summonings
 10914 | D:9      | Reached skill level 5 in Necromancy
 10914 | D:9      | Reached skill level 5 in Translocations
 10914 | D:9      | Reached skill level 5 in Transmutations
 10914 | D:9      | Reached skill level 5 in Fire Magic
 10914 | D:9      | Reached skill level 5 in Ice Magic
 10914 | D:9      | Reached skill level 5 in Air Magic
 10914 | D:9      | Reached skill level 5 in Earth Magic
 10914 | D:9      | Reached skill level 5 in Poison Magic
 11064 | D:9      | Noticed a skeletal warrior
 11077 | D:9      | Killed a skeletal warrior
 11292 | D:10     | Entered Level 10 of the Dungeon
 11401 | D:10     | Found an opulent altar of Gozag.
 11608 | D:10     | Identified the +3 leather armour "Leechu Hiumi" {rF+}
 11678 | D:10     | Noticed a two-headed ogre
 11685 | D:10     | Killed a two-headed ogre
 11979 | D:10     | Found a glowing silver altar of Zin.
 12794 | D:10     | Gained mutation: You are clumsy. (Dex -2) [potion of
                  | mutation]
 12794 | D:10     | Gained mutation: You do not regenerate when monsters are
                  | visible. [potion of mutation]
 12794 | D:10     | Lost mutation: You are clumsy. (Dex -2) [potion of
                  | mutation]
 12794 | D:10     | Gained mutation: You expend magic power (3 MP) to
                  | strengthen your wands. [potion of mutation]
 12795 | D:10     | Lost mutation: You expend magic power (3 MP) to strengthen
                  | your wands. [potion of mutation]
 13256 | D:11     | Noticed a seven-headed hydra
 13261 | D:11     | Killed a seven-headed hydra
 13792 | D:12     | Lost mutation: You do not regenerate when monsters are
                  | visible. [potion of mutation]
 13792 | D:12     | Gained mutation: You are robust. (+10% HP) [potion of
                  | mutation]
 13866 | D:12     | Reached XP level 12. HP: 80/105 MP: 19/22
 14873 | Lair:1   | Entered Level 1 of the Lair of Beasts
 14884 | Lair:1   | Noticed a six-headed hydra
 14884 | Lair:1   | HP: 4/105 [cane toad (10)]
 14889 | Lair:1   | Slain by a cane toad

Illustrated notes

Levels and vault maps discovered:
D:1:      lemuel_arrival_broad_hall, layout_loops_ring,
          ebering_ecumenical_altar_hall
D:2:      layout_loops_ring, minmay_quantized
D:3:      layout_loops_ring, gammafunk_ghost_necromancy, serial_shops,
          nicolae_shop_statue_plus, serial_bayou_pond_e, uniq_jessica,
          uniq_crazy_yiuf_cottage
D:4:      layout_cave_pools, nicolae_wu_jian_immortal_techniques,
          lemuel_tele_altar, grunt_qazlal_sundering, enter_ossuary_3,
          serial_park_tiny_1, hangedman_abyss_or_decor_lesser_grid,
          amcnicky_mini_rare_corridor_liquid, minmay_surrounded
D:5:      minmay_general_purpose_star, layout_basic,
          minmay_fractal_squares_diagonal_5, uniq_pikel
D:6:      layout_basic, uniq_blork_the_orc
D:7:      layout_rooms, kennysheep_mini, minmay_temple_entry_glassed_door,
          uniq_harold, uniq_duvessa
D:8:      layout_loops_ring, overflow_temple_1_default,
          lemuel_zombie_altar_yredelemnul, lair_entry_dummy,
          kennysheep_generic_room_12
D:9:      layout_basic, orc_0_dummy
D:10:     layout_layer_cave, zin_academy, lemuel_round_altar
D:11:     layout_cave_pools
D:12:     layout_layer_cave
Lair:1:   layout_cave_pods, dpeg_stationary_puzzle, minmay_lair_oklob_chamber,
          grunt_megastairs_2, uniq_gastronok

Skill      XL: |  1  2  3  4  5  6  7  8  9 10 11 |
---------------+----------------------------------+-----
Invocations    | 1 2 3 4 5 6 7 |  7.6
Short Blades   | 1 2 4 5 6 |  6.9
Long Blades    | 1 2 4 5 6 |  6.9
Maces & Flails | 1 2 4 5 6 |  6.9
Polearms       | 1 2 4 5 6 |  6.9
Staves         | 1 2 4 5 6 |  6.9
Slings         | 1 2 4 5 6 |  6.9
Bows           | 1 2 4 5 6 |  6.9
Crossbows      | 1 2 4 5 6 |  6.9
Throwing       | 1 2 4 5 6 |  6.9
Stealth        | 1 2 4 5 6 |  6.9
Shields        | 1 2 4 5 6 |  6.9
Unarmed Combat | 1 2 4 5 6 |  6.9
Spellcasting   | 1 2 4 5 6 |  6.9
Evocations     | 1 2 4 5 6 |  6.9
Conjurations   | 1 2 3 4 5 |  5.7
Hexes          | 1 2 3 4 5 |  5.7
Summonings     | 1 2 3 4 5 |  5.7
Necromancy     | 1 2 3 4 5 |  5.7
Translocations | 1 2 3 4 5 |  5.7
Transmutations | 1 2 3 4 5 |  5.7
Fire Magic     | 1 2 3 4 5 |  5.7
Ice Magic      | 1 2 3 4 5 |  5.7
Air Magic      | 1 2 3 4 5 |  5.7
Earth Magic    | 1 2 3 4 5 |  5.7
Poison Magic   | 1 2 3 4 5 |  5.7
Armour         | 5 6 7 8 |  8.4
Dodging        | 5 6 7 8 |  8.4
Fighting       | 7 8 9 |  9.6
Axes           | 7 8 9 |  9.6

Action                   |  1- 3 |  4- 6 |  7- 9 | 10-12 || total
-------------------------+-------+-------+-------+-------++-------
Melee: Hand axe          |    62 |    27 |       |       ||    89
       Bite              |     6 |     7 |    43 |    34 ||    90
       Spear             |       |    80 |   428 |     1 ||   509
       Punch             |       |     1 |     6 |       ||     7
       Battleaxe         |       |       |     9 |   304 ||   313
Invok: Berserk           |     3 |     4 |     7 |    11 ||    25
Evoke: Wand              |       |       |       |     3 ||     3
  Use: Scroll            |     1 |     8 |    10 |     8 ||    27
       Potion            |       |       |       |     9 ||     9
 Stab: Sleeping          |       |     4 |    12 |       ||    16
       Distracted        |       |       |     1 |       ||     1
Armor: Animal skin       |     8 |    15 |    64 |       ||    87
       Chain mail        |       |       |    62 |   275 ||   337
Dodge: Dodged            |    37 |    55 |   208 |   161 ||   461

Table legend: (Time is in decaauts)
 A = Elapsed time spent in this place.
 B = Non-inter-level travel time spent in this place.
 C = Inter-level travel time spent in this place.
 D = Time resting spent in this place.
 E = Time spent auto-exploring this place.
 F = Levels seen in this place.
 G = Mean time per level.
                   A        B        C        D        E       F      G
               +--------+--------+--------+--------+--------+-----+--------+
         Total |  15144 |  14652 |    492 |   3039 |   9842 |  14 | 1081.7 |
       Dungeon |  14541 |  14049 |    492 |   2883 |   9560 |  12 | 1211.8 |
          Lair |     16 |     16 |      0 |      0 |      0 |   1 |   16.0 |
       Ossuary |    587 |    587 |      0 |    156 |    282 |   1 |  587.0 |
               +--------+--------+--------+--------+--------+-----+--------+

Top non-repeatable levels by time:
     D:5: 1946 daAuts
    D:10: 1601 daAuts
     D:6: 1496 daAuts
    D:12: 1256 daAuts
     D:3: 1230 daAuts
     D:8: 1201 daAuts
     D:2: 1196 daAuts
     D:1: 1175 daAuts
     D:9: 1081 daAuts
     D:7: 930 daAuts
    D:11: 717 daAuts
     D:4: 706 daAuts
 Ossuary: 587 daAuts
  Lair:1: 16 daAuts
